[ AOE2 MATCH · #506643780 ]
UnrankedKhmer vs Vietnamese
Player's team · WIN
Rival team · LOSS
[ REPLAY ANALYSIS · EXTRACTED FROM THE RECORDED GAME ]
Feudal
—
Castle
—
Imperial
—
| APM avg | 48.2 |
| APM peak | 98 |
| eAPM avg | 20.0 |
| Villagers / military | 117 / 61 |
Focus
⚔️ 24.7% · 🌾 75.3%
Knight ×24 · Scorpion ×15 · Scout Cavalry ×14 · Mangonel ×4 · Spearman ×4
Feudal
—
Castle
—
Imperial
—
| APM avg | 25.4 |
| APM peak | 45 |
| eAPM avg | 15.2 |
| Villagers / military | 72 / 76 |
Focus
⚔️ 42.1% · 🌾 57.9%
Archer ×44 · Spearman ×24 · Scout Cavalry ×7 · Monk ×1
Match map
Initial resources + every placement click. Lines = walls · curves = elevation contours. ◆ gold · ⬟ stone · ● berries · ✦ relic · ◌ wall gap
Your base· ✓ Closed at 21:27 · 38t walls · no gate
cidv's base· Open — opponent sealed themselves in
Smoothed initial terrain · ◌ = detected wall gap · hover for details
Inputs per minute
— ManyKitten76428 - - cidv
Build order — ManyKitten76428
First 150 of 297 actions detected
| 0:01 | Queue | Villager (Male) |
| 0:01 | Queue | Villager (Male) |
| 0:02 | Queue | Villager (Male) |
| 0:02 | Queue | Villager (Male) |
| 0:02 | Queue | Villager (Male) |
| 0:02 | Queue | Villager (Male) |
| 0:02 | Queue | Villager (Male) |
| 0:02 | Queue | Villager (Male) |
| 0:02 | Queue | Villager (Male) |
| 0:02 | Queue | Villager (Male) |
| 0:04 | Build | House |
| 0:06 | Build | House |
| 1:29 | Queue | Villager (Male) |
| 2:06 | Queue | Villager (Male) |
| 2:06 | Queue | Villager (Male) |
| 2:11 | Build | Lumber Camp |
| 2:15 | Queue | Villager (Male) |
| 2:15 | Queue | Villager (Male) |
| 2:34 | Queue | Villager (Male) |
| 2:34 | Queue | Villager (Male) |
| 3:10 | Queue | Villager (Male) |
| 3:10 | Queue | Villager (Male) |
| 3:28 | Queue | Villager (Male) |
| 3:29 | Queue | Villager (Male) |
| 4:00 | Build | House |
| 4:05 | Queue | Villager (Male) |
| 4:05 | Queue | Villager (Male) |
| 4:06 | Queue | Villager (Male) |
| 4:06 | Queue | Villager (Male) |
| 4:41 | Build | House |
| 4:43 | Build | Palisade Wall |
| 5:01 | Build | Mill |
| 5:06 | Queue | Villager (Male) |
| 5:06 | Queue | Villager (Male) |
| 5:06 | Queue | Villager (Male) |
| 5:12 | Build | Mill |
| 5:24 | Build | Palisade Wall |
| 6:01 | Build | Palisade Wall |
| 6:15 | Research | Loom |
| 7:17 | Research | Feudal Age |
| 7:48 | Build | House |
| 8:17 | Build | Mill |
| 8:33 | Queue | Villager (Male) |
| 8:33 | Queue | Villager (Male) |
| 9:35 | Build | Stable |
| 9:41 | Build | Palisade Wall |
| 9:42 | Build | Palisade Wall |
| 9:44 | Build | Palisade Wall |
| 9:50 | Queue | Villager (Male) |
| 9:53 | Research | Double-Bit Axe |
| 10:04 | Build | Blacksmith |
| 10:15 | Build | Farm |
| 10:18 | Build | Farm |
| 10:22 | Queue | Scout Cavalry |
| 10:22 | Queue | Scout Cavalry |
| 10:37 | Queue | Villager (Male) |
| 10:46 | Build | Farm |
| 11:12 | Queue | Villager (Male) |
| 11:19 | Build | Farm |
| 11:20 | Build | Farm |
| 11:32 | Build | Farm |
| 11:37 | Research | Horse Collar |
| 11:42 | Build | Farm |
| 11:46 | Queue | Villager (Male) |
| 12:01 | Queue | Villager (Male) |
| 12:05 | Build | Farm |
| 12:19 | Queue | Villager (Male) |
| 12:49 | Research | Scale Barding Armor |
| 12:54 | Build | Farm |
| 12:55 | Queue | Villager (Male) |
| 12:59 | Build | Farm |
| 13:03 | Build | House |
| 13:04 | Build | House |
| 13:32 | Build | Farm |
| 13:36 | Build | House |
| 13:37 | Build | Palisade Wall |
| 13:41 | Build | Palisade Wall |
| 13:43 | Build | Palisade Wall |
| 14:19 | Build | Farm |
| 14:28 | Queue | Scout Cavalry |
| 14:28 | Queue | Scout Cavalry |
| 14:30 | Research | Forging |
| 14:37 | Build | House |
| 14:50 | Queue | Villager (Male) |
| 14:51 | Queue | Villager (Male) |
| 14:55 | Build | Farm |
| 15:01 | Build | Palisade Wall |
| 15:10 | Build | Palisade Wall |
| 15:13 | Queue | Villager (Male) |
| 15:22 | Queue | Villager (Male) |
| 15:34 | Build | Mining Camp |
| 15:53 | Queue | Villager (Male) |
| 16:39 | Queue | Scout Cavalry |
| 16:39 | Queue | Scout Cavalry |
| 16:39 | Queue | Scout Cavalry |
| 16:48 | Queue | Villager (Male) |
| 16:48 | Queue | Villager (Male) |
| 17:10 | Queue | Villager (Male) |
| 17:15 | Build | Barracks |
| 17:19 | Queue | Villager (Male) |
| 17:19 | Queue | Villager (Male) |
| 17:39 | Build | House |
| 18:01 | Queue | Scout Cavalry |
| 18:01 | Queue | Scout Cavalry |
| 18:02 | Queue | Villager (Male) |
| 18:03 | Queue | Villager (Male) |
| 18:07 | Build | Farm |
| 18:08 | Build | Farm |
| 18:20 | Build | House |
| 18:21 | Build | House |
| 18:43 | Build | House |
| 18:44 | Build | House |
| 18:57 | Queue | Spearman |
| 18:57 | Queue | Spearman |
| 18:57 | Queue | Spearman |
| 19:01 | Build | Farm |
| 19:03 | Build | Farm |
| 19:24 | Queue | Villager (Male) |
| 19:35 | Build | House |
| 19:37 | Build | Farm |
| 20:07 | Build | House |
| 20:10 | Build | House |
| 20:14 | Queue | Spearman |
| 20:24 | Queue | Villager (Male) |
| 20:28 | Queue | Villager (Male) |
| 21:01 | Build | House |
| 21:09 | Build | Palisade Wall |
| 21:20 | Build | House |
| 21:27 | Research | Castle Age |
| 21:35 | Build | Lumber Camp |
| 21:40 | Build | Farm |
| 22:57 | Queue | Villager (Male) |
| 22:57 | Queue | Villager (Male) |
| 22:57 | Queue | Villager (Male) |
| 23:56 | Research | Gold Mining |
| 24:05 | Research | Bloodlines |
| 24:18 | Build | Stable |
| 24:30 | Research | Light Cavalry (upgrade) |
| 24:31 | Research | Husbandry |
| 24:33 | Research | Chain Barding Armor |
| 24:34 | Research | Iron Casting |
| 24:52 | Build | Town Center |
| 25:03 | Build | Town Center |
| 25:07 | Queue | Villager (Male) |
| 25:07 | Queue | Villager (Male) |
| 25:14 | Research | Bow Saw |
| 25:27 | Build | Farm |
| 25:29 | Queue | Villager (Male) |
| 25:45 | Queue | Knight |
| 25:45 | Queue | Knight |
Build order — cidv
First 150 of 248 actions detected
| 0:01 | Queue | Villager (Male) |
| 0:01 | Queue | Villager (Male) |
| 0:01 | Queue | Villager (Male) |
| 0:02 | Build | House |
| 0:04 | Build | House |
| 0:21 | Queue | Villager (Male) |
| 1:31 | Queue | Villager (Male) |
| 1:52 | Build | Mill |
| 2:07 | Queue | Villager (Male) |
| 2:27 | Queue | Villager (Male) |
| 2:48 | Queue | Villager (Male) |
| 2:48 | Queue | Villager (Male) |
| 3:07 | Build | House |
| 3:10 | Queue | Villager (Male) |
| 3:37 | Queue | Villager (Male) |
| 3:37 | Queue | Villager (Male) |
| 3:47 | Queue | Villager (Male) |
| 4:00 | Queue | Villager (Male) |
| 4:38 | Queue | Villager (Male) |
| 4:56 | Queue | Villager (Male) |
| 5:23 | Build | Lumber Camp |
| 5:28 | Queue | Villager (Male) |
| 5:50 | Queue | Villager (Male) |
| 6:08 | Research | Loom |
| 7:11 | Research | Feudal Age |
| 7:37 | Build | House |
| 8:15 | Build | Barracks |
| 8:49 | Build | Barracks |
| 9:10 | Queue | Villager (Male) |
| 9:22 | Research | Double-Bit Axe |
| 9:22 | Research | Double-Bit Axe |
| 9:31 | Build | Mill |
| 9:47 | Build | Stable |
| 9:49 | Queue | Villager (Male) |
| 9:49 | Queue | Villager (Male) |
| 9:56 | Research | Horse Collar |
| 10:11 | Build | House |
| 10:14 | Queue | Villager (Male) |
| 10:23 | Build | Farm |
| 10:29 | Queue | Scout Cavalry |
| 10:54 | Build | House |
| 10:57 | Build | Palisade Wall |
| 11:00 | Queue | Villager (Male) |
| 11:13 | Queue | Villager (Male) |
| 11:15 | Queue | Scout Cavalry |
| 11:31 | Build | Farm |
| 11:32 | Build | Farm |
| 11:37 | Build | Palisade Wall |
| 11:43 | Queue | Scout Cavalry |
| 11:51 | Build | House |
| 11:57 | Build | Farm |
| 12:03 | Build | Farm |
| 12:06 | Queue | Villager (Male) |
| 12:06 | Queue | Villager (Male) |
| 12:53 | Build | Farm |
| 12:55 | Queue | Spearman |
| 13:22 | Queue | Villager (Male) |
| 13:23 | Queue | Villager (Male) |
| 14:11 | Queue | Villager (Male) |
| 14:22 | Queue | Villager (Male) |
| 14:26 | Queue | Scout Cavalry |
| 14:30 | Build | House |
| 14:32 | Build | Palisade Wall |
| 14:42 | Build | Blacksmith |
| 14:45 | Build | Palisade Wall |
| 14:57 | Queue | Scout Cavalry |
| 14:59 | Queue | Villager (Male) |
| 15:02 | Build | Farm |
| 15:06 | Build | Farm |
| 15:10 | Build | Lumber Camp |
| 15:28 | Queue | Villager (Male) |
| 15:41 | Queue | Scout Cavalry |
| 15:51 | Build | Palisade Wall |
| 15:54 | Queue | Villager (Male) |
| 16:06 | Queue | Villager (Male) |
| 16:09 | Build | Farm |
| 16:09 | Build | Farm |
| 16:10 | Build | Farm |
| 16:10 | Build | Farm |
| 16:10 | Build | Farm |
| 16:11 | Build | Farm |
| 16:11 | Build | Farm |
| 16:11 | Build | Farm |
| 16:11 | Build | Farm |
| 16:48 | Queue | Scout Cavalry |
| 17:15 | Queue | Villager (Male) |
| 17:15 | Queue | Villager (Male) |
| 17:32 | Queue | Villager (Male) |
| 18:04 | Queue | Villager (Male) |
| 18:14 | Build | Farm |
| 18:20 | Build | Mining Camp |
| 18:41 | Build | Farm |
| 18:53 | Queue | Spearman |
| 18:55 | Queue | Spearman |
| 18:59 | Build | House |
| 19:01 | Build | House |
| 19:35 | Queue | Villager (Male) |
| 19:35 | Queue | Villager (Male) |
| 19:44 | Build | House |
| 19:47 | Queue | Spearman |
| 19:53 | Build | Outpost |
| 20:16 | Build | House |
| 20:23 | Build | House |
| 20:25 | Build | Palisade Wall |
| 20:36 | Queue | Villager (Male) |
| 20:37 | Queue | Villager (Male) |
| 20:40 | Queue | Spearman |
| 20:45 | Build | Archery Range |
| 21:06 | Queue | Villager (Male) |
| 21:25 | Queue | Villager (Male) |
| 21:33 | Build | Market |
| 21:42 | Build | Farm |
| 21:43 | Build | Farm |
| 21:43 | Build | Farm |
| 21:58 | Build | Palisade Gate |
| 22:07 | Queue | Archer |
| 22:08 | Queue | Archer |
| 22:19 | Build | Palisade Wall |
| 22:20 | Build | Palisade Wall |
| 22:22 | Build | Palisade Wall |
| 22:24 | Build | Palisade Wall |
| 22:41 | Queue | Spearman |
| 22:46 | Queue | Archer |
| 23:19 | Queue | Spearman |
| 23:21 | Research | Castle Age |
| 23:23 | Queue | Archer |
| 23:34 | Queue | Spearman |
| 23:36 | Build | Palisade Wall |
| 23:56 | Research | Fletching |
| 23:58 | Queue | Archer |
| 24:20 | Queue | Archer |
| 24:31 | Queue | Archer |
| 24:51 | Research | Scale Mail Armor |
| 24:54 | Queue | Villager (Male) |
| 24:58 | Build | Archery Range |
| 25:06 | Build | Mining Camp |
| 25:09 | Queue | Archer |
| 25:16 | Build | House |
| 25:17 | Build | House |
| 25:24 | Queue | Archer |
| 25:33 | Research | Forging |
| 25:56 | Research | Town Watch |
| 26:02 | Research | Crossbowman (upgrade) |
| 26:02 | Research | Crossbowman (upgrade) |
| 26:05 | Research | Bow Saw |
| 26:07 | Research | Bodkin Arrow |
| 26:10 | Queue | Archer |
| 26:10 | Queue | Archer |
| 26:25 | Build | Outpost |
| 26:32 | Research | Thumb Ring |
Match timeline
| 4:43 | ManyKitten76428 · wall_segment Palisade Wall x1 |
| 5:24 | ManyKitten76428 · wall_segment Palisade Wall x3 |
| 6:01 | ManyKitten76428 · wall_segment Palisade Wall x11 |
| 8:15 | cidv · first_building Barracks |
| 9:35 | ManyKitten76428 · first_building Stable |
| 9:41 | ManyKitten76428 · wall_segment Palisade Wall x1 |
| 9:42 | ManyKitten76428 · wall_segment Palisade Wall x1 |
| 9:44 | ManyKitten76428 · wall_segment Palisade Wall x1 |
| 9:47 | cidv · first_building Stable |
| 10:57 | cidv · wall_segment Palisade Wall x11 |
| 11:37 | cidv · wall_segment Palisade Wall x9 |
| 13:37 | ManyKitten76428 · wall_segment Palisade Wall x1 |
| 13:41 | ManyKitten76428 · wall_segment Palisade Wall x1 |
| 13:43 | ManyKitten76428 · wall_segment Palisade Wall x1 |
| 14:32 | cidv · wall_segment Palisade Wall x12 |
| 14:45 | cidv · wall_segment Palisade Wall x16 |
| 15:01 | ManyKitten76428 · wall_segment Palisade Wall x3 |
| 15:10 | ManyKitten76428 · wall_segment Palisade Wall x13 |
| 15:51 | cidv · wall_segment Palisade Wall x7 |
| 17:15 | ManyKitten76428 · first_building Barracks |
| 20:25 | cidv · wall_segment Palisade Wall x1 |
| 20:45 | cidv · first_building Archery Range |
| 21:09 | ManyKitten76428 · wall_segment Palisade Wall x1 |
| 22:19 | cidv · wall_segment Palisade Wall x1 |
| 22:20 | cidv · wall_segment Palisade Wall x1 |
| 22:22 | cidv · wall_segment Palisade Wall x1 |
| 22:24 | cidv · wall_segment Palisade Wall x1 |
| 23:36 | cidv · wall_segment Palisade Wall x1 |
| 27:01 | ManyKitten76428 · first_building Siege Workshop |
| 27:06 | ManyKitten76428 · wall_segment Palisade Wall x1 |
| 27:07 | ManyKitten76428 · wall_segment Palisade Wall x1 |
| 27:08 | cidv · wall_segment Palisade Wall x6 |
| 27:10 | cidv · wall_segment Palisade Wall x3 |
| 27:44 | ManyKitten76428 · wall_segment Palisade Wall x7 |
| 29:42 | cidv · first_building Monastery |
| 30:03 | cidv · wall_segment Palisade Wall x3 |
| 30:59 | cidv · wall_segment Palisade Wall x1 |
| 37:51 | cidv · first_market_buy 100 food |
| 39:09 | cidv · resign |
[ AI ANALYSIS · 1 CREDIT ]
What really happened in this match?
Wolo.gg analyzes every decision: build order, eco, micro, common mistakes by bracket. Personalized analysis on WhatsApp or Discord in 30 seconds.
Civ guide
Khmer
Perfil
ManyKitten76428